 Dungeon Crawl Stone Soup version 0.28.0-47-ge53b351184 (webtiles) character file.

Game seed: 12905590693496187529

9881 101zpm the Thaumaturge (level 11, -2/58 HPs)
             Began as a Djinni Fire Elementalist on May 7, 2022.
             Was a Follower of Hepliaklqana.
             Slain by a wolf (4 damage)
             ... on level 2 of the Lair of Beasts.
             The game lasted 00:28:37 (14773 turns).

101zpm the Thaumaturge (Djinni Fire Elementalist)  Turns: 14773, Time: 00:28:37

Health: -2/58      AC:  3    Str: 10    XL:     11   Next: 82%
Gold:   216        EV: 13    Int: 20    God:    Hepliaklqana [*.....] SH:  0 Dex: 23

rFire   + + .      SeeInvis .   w - +12 quarterstaff of Fodieb {pain, rPois MP+9 Str+3 Stlth+}
rCold   . . .      Faith    .   (shield currently unavailable)
rNeg    . . .      Spirit   .   e - +1 robe "Jebu" {Rampage rC+ Dex+8 Stlth-}
rPois   ∞          Reflect  .   (no helmet)
rElec   .          Harm     .   (no cloak)
rCorr   +          Rampage  +   (no gloves)
Will    +....                   (boots unavailable)
Stlth   +++.......              (no amulet)
HPRegen 0.19/turn               s - ring of resist corrosion
MPRegen 0.00/turn               (no ring)

@: flying
A: reduced essence, sickness immunity, fire resistance 2, cold vulnerability 1,
float, innate caster, HP casting, extra vitality 1
a: Renounce Religion, Recall Ancestor, Ancestor Identity


You were on level 2 of the Lair of Beasts.
You worshipped Hepliaklqana.
Hepliaklqana was aware of your devotion.
You visited 3 branches of the dungeon, and saw 12 of its levels.
You also visited: Bailey.

You collected 450 gold pieces.
You spent 234 gold pieces at shops.

Inventory:

Hand Weapons
 r - the +9 whip of Vodka {vamp, Contam Dex+6}
   (You found it on level 4 of the Dungeon)

   It occasionally heals its wielder for a portion of the damage dealt when it
   wounds a living foe.
   Dex:       It affects your dexterity (+6).
   Contam:    It causes magical contamination when unequipped.
 w - the +12 quarterstaff of Fodieb (weapon) {pain, rPois MP+9 Str+3 Stlth+}
   (You bought it in a shop on level 6 of the Dungeon)

   In the hands of one skilled in necromantic magic, it inflicts extra damage on
   living creatures.
   Your inability to study Necromancy prevents you from drawing on the full
   power of this weapon.
   Str:       It affects your strength (+3).
   rPois:     It protects you from poison.
   MP:        It affects your magic capacity (+9).
   Stlth:     It makes you more stealthy.
 E - a +4 hand axe of freezing
Missiles
 y - a throwing net
Armour
 e - the +1 robe "Jebu" (worn) {Rampage rC+ Dex+8 Stlth-}
   (You found it on level 2 of the Dungeon)

   Dex:       It affects your dexterity (+8).
   rC:        It protects you from cold.
   Rampage:   It bestows one free step when moving towards enemies.
   Stlth:     It makes you less stealthy.
Jewellery
 s - a ring of resist corrosion (left hand)
 G - a ring of see invisible
Wands
 t - a wand of charming (6)
 u - a wand of iceblast (12)
 x - a wand of acid (13)
Scrolls
 b - 4 scrolls of teleportation
 d - a scroll of enchant armour
 g - 2 scrolls of enchant weapon
 h - 6 scrolls of fog
 i - 3 scrolls of magic mapping
 n - a scroll of blinking
 o - a scroll of summoning
 p - 2 scrolls of vulnerability {unknown}
 C - a scroll of noise {unknown}
 D - 2 scrolls of fear {unknown}
 H - a scroll of identify
Potions
 a - 4 potions of brilliance {unknown}
 c - 3 potions of mutation {unknown}
 f - 2 potions of might {unknown}
 j - 2 potions of cancellation {unknown}
 k - 4 potions of flight {unknown}
 l - 2 potions of magic {unknown}
 m - a potion of resistance {unknown}
 q - 2 potions of heal wounds {unknown}
 v - 3 potions of curing {unknown}
 z - a potion of invisibility {unknown}
 A - 2 potions of attraction {unknown}
 B - a potion of lignification {unknown}
 F - a potion of ambrosia {unknown}
Miscellaneous
 I - a condenser vane


   Skills:
 + Level 0.2 Fighting
 + Level 2.6 Dodging
 + Level 4.0 Stealth
 + Level 13.4 Spellcasting


You had 10 spell levels left.
You knew the following spells:

 Your Spells              Type           Power      Damage    Failure   Level
a - Foxfire               Conj/Fire      100%       2x1d9     1%          1
b - Scorch                Fire           100%       2d10      1%          2
c - Conjure Flame         Conj/Fire      61%        6-21      1%          3
d - Inner Flame           Hex/Fire       61%        N/A       1%          3
e - Flame Wave            Conj/Fire      61%        2d12      1%          4
f - Magic Dart            Conj           100%       1d8       1%          1
g - Corpse Rot            Necr/Air       100%       N/A       1%          2
h - Call Imp              Summ           61%        N/A       1%          2
i - Tukima's Dance        Hex            61%        N/A       1%          3
j - Freezing Cloud        Conj/Ice/Air   30%        6-21      1%          5
Your spell library was empty.

Dungeon Overview and Level Annotations

Branches:
Dungeon (9/15)             Temple (1/1) D:4            Lair (2/6) D:8
 Bailey (visited)
  Swamp: Lair:2-4    Shoals: Lair:2-4     Snake: Lair:2-4    Spider: Lair:2-4
    Orc: D:9-12

Altars:
Ashenzari
Cheibriados
Dithmenos
Elyvilon
Fedhas
Gozag
Hepliaklqana
Kikubaaqudgha
Makhleb
Nemelex Xobeh
Okawaru
Qazlal
Ru
Sif Muna
Trog
Uskayaw
Vehumet
Wu Jian
Xom
Yredelemnul
Zin
The Shining One

Shops:
D:1 =   D:6 *


Innate Abilities, Weirdness & Mutations

Your life essence is reduced to manifest your ancestor. (-10% HP)
You are immune to sickness and miasma.
You are immune to poison.
Your flesh is very heat resistant. (rF++)
You are vulnerable to cold. (rC-)
You float through the air rather than walking.
You learn spells naturally, not from books.
Your magical power is your life essence.
You have superior vitality. (+4 MHP)


Message History

The bullfrog's fire resistance burns away.
* * * LOW HITPOINT WARNING * * *
A wolf comes into view.
The bullfrog hits Publia.
Publia barely misses the bullfrog.
Casting: Foxfire (safe; 1% risk of failure)
Press: ? - help, Q - select action, (/) - cycle Dir - look around, f - activate You conjure some foxfire!
* * * LOW HITPOINT WARNING * * *
The bullfrog hits Publia.
Publia hits the bullfrog.
The foxfire hits the bullfrog!
The bullfrog is burned terribly!
The bullfrog is almost dead.
The foxfire hits the bullfrog.
The bullfrog is almost dead.
Publia hits the bullfrog.
The bullfrog dies!
Something closely misses Publia.
Something bites Publia.
Publia completely misses the wolf.
Publia hits the wolf but does no damage.
A water moccasin comes into view.
The wolf completely misses you.
Casting: Foxfire (safe; 1% risk of failure)
Press: ? - help, Q - select action, (/) - cycle Dir - look around, f - activate You conjure some foxfire!
* * * LOW HITPOINT WARNING * * *
The water moccasin barely misses Publia.
The wolf barely misses you. x2
The foxfire hits the wolf.
The wolf is lightly wounded.
The foxfire hits the wolf.
The wolf is moderately wounded.
Blink to where?
Press: ? - help, Dir - move target
As you read the scroll of blinking, it crumbles to dust.
You see here an elephant skeleton.
You see here an elephant skeleton.
There is a stone staircase leading up here.
The wolf bites you.
* * * LOW HITPOINT WARNING * * *
The wolf bites you.
You die...

##. .......# ... # #
......## ##.#### ##.
......# #...... ..
.#.....## ##... #..
.....#.# #.#..
#...##.....# ###...
#.........# ##.#...
#.......@.## ### #......
##......h..###.# ##..§§..
##......÷##...###.......
#............(..........
.........................
.......................##
......................P#
......................##
.....................##


You could see a wolf.

Vanquished Creatures
  Erica (D:8)
  2 two-headed ogres
  4 elephants (Lair:2)
  Maurice (D:8)
  A dancing weapon (D:6)
  A cane toad (Lair:1)
  Psyche (D:8)
  A komodo dragon (Lair:2)
  A troll (D:7)
  6 spriggans (Bailey)
  A wyvern (D:8)
  2 steam dragons
  Grum (D:8)
  2 acid dragons
  Duvessa (D:7)
  An orc warrior (D:6)
  2 ice beasts
  3 sky beasts (D:6)
  A black bear (Lair:1)
  4 ogres (Bailey)
  3 necrophages
  6 wolves
  A centaur (D:6)
  A phantom (D:7)
  A gnoll sergeant (D:6)
  6 scorpions
  2 bullfrogs
  A wyvern zombie (D:8)
  Dowan (D:7)
  A howler monkey (D:6)
  2 centaur zombies
  A hound (D:5)
  A jelly (D:7)
  A gnoll shaman (D:7)
  5 orc priests
  An iguana (D:4)
  2 centaur skeletons
  3 orc wizards
  2 adders
  14 gnolls
  A shadow imp (D:6)
  A white imp (D:8)
  A dart slug (D:4)
  24 orcs
  5 ball pythons
  3 endoplasms
  A giant cockroach (D:3)
  8 goblins
  8 hobgoblins
  8 kobolds
  3 quokkas
  7 bats
  9 frilled lizards
  A quokka skeleton (D:4)
  6 rats
178 creatures vanquished.

Vanquished Creatures (collateral kills)
  Prince Ribbit (D:6)
  2 bullfrogs
  An orc (D:6)
  A foxfire (Lair:2)
5 creatures vanquished.

Vanquished Creatures (others)
  An ancestor (Lair:2)
  906 foxfires
  6 fungi
  9 plants
922 creatures vanquished.

Grand Total: 1105 creatures vanquished

Notes
Turn   | Place    | Note
-------+----------+-------------------------------------------
     0 | D:1      | 101zpm the Djinni Fire Elementalist began the quest for the
                  | Orb.
     0 | D:1      | Reached XP level 1. HP: 15/15 MP: 0/0
   690 | D:2      | Reached XP level 2. HP: 13/21 MP: 0/0
   807 | D:2      | Identified the +1 robe "Jebu" {Rampage rC+ Dex+8 Stlth-}
  1390 | D:2      | Reached skill level 3 in Spellcasting
  1745 | D:3      | Reached XP level 3. HP: 12/25 MP: 0/0
  1745 | D:3      | Learned a level 1 spell: Magic Dart
  3091 | D:2      | Reached XP level 4. HP: 15/31 MP: 0/0
  3714 | D:1      | Found a faded altar of an unknown god.
  3877 | D:1      | Found Uplaamy's One-of-a-Kind Rings.
  4379 | D:4      | Reached skill level 4 in Spellcasting
  4379 | D:4      | Reached XP level 5. HP: 27/35 MP: 0/0
  4379 | D:4      | Learned a level 2 spell: Corpse Rot
  4657 | D:4      | Found an opulent altar of Gozag.
  4713 | D:4      | Identified the +9 whip of Vodka {vamp, Contam Dex+6}
  5008 | D:4      | Found a staircase to the Ecumenical Temple.
  6085 | D:5      | Entered Level 5 of the Dungeon
  6150 | D:5      | Reached XP level 6. HP: 27/40 MP: 0/0
  6557 | D:5      | Noticed a necrophage
  6563 | D:5      | Killed a necrophage
  6564 | D:5      | Reached skill level 5 in Spellcasting
  6772 | D:5      | Reached XP level 7. HP: 40/45 MP: 0/0
  6772 | D:5      | Learned a level 2 spell: Call Imp
  7182 | D:6      | Noticed Prince Ribbit
  7190 | D:6      | Reached skill level 6 in Spellcasting
  7193 | D:6      | Killed Prince Ribbit
  7193 | D:6      | Noticed a steam dragon
  7194 | D:6      | Reached XP level 8. HP: 26/50 MP: 0/0
  7196 | D:6      | Reached skill level 7 in Spellcasting
  7735 | D:6      | Reached skill level 8 in Spellcasting
  7735 | D:6      | Reached XP level 9. HP: 19/55 MP: 0/0
  7735 | D:6      | Learned a level 3 spell: Tukima's Dance
  7772 | D:6      | Killed a +0 dagger
  8578 | D:6      | Found Ryfeo's Assorted Antiques.
  8591 | D:6      | Bought a faintly glowing quarterstaff for 234 gold pieces
  8591 | D:6      | Identified the +12 quarterstaff of Fodieb {pain, rPois MP+9
                  | Str+3 Stlth+} (You bought it in a shop on level 6 of the
                  | Dungeon)
  8605 | D:6      | Reached skill level 9 in Spellcasting
  9157 | D:7      | Noticed Dowan
  9161 | D:7      | Noticed Duvessa
  9161 | D:7      | Killed Dowan
  9169 | D:7      | Killed Duvessa
  9691 | D:7      | Noticed a troll
  9705 | D:7      | Killed a troll
  9706 | D:7      | Reached skill level 10 in Spellcasting
  9706 | D:7      | Reached XP level 10. HP: 23/60 MP: 0/0
 10132 | D:8      | Noticed Erica
 10137 | D:8      | Killed Erica
 10294 | D:8      | Noticed Grum
 10314 | D:8      | Killed Grum
 10315 | D:8      | Reached skill level 11 in Spellcasting
 10317 | D:8      | Noticed Psyche
 10322 | D:8      | Killed Psyche
 10453 | D:8      | Found a staircase to the Lair.
 10465 | D:8      | Found a flagged portal.
 10479 | D:8      | Noticed a two-headed ogre
 10485 | D:8      | Killed a two-headed ogre
 10493 | Bailey   | Entered a bailey
 10599 | Bailey   | Reached XP level 11. HP: 47/65 MP: 0/0
 10599 | Bailey   | Learned a level 5 spell: Freezing Cloud
 10721 | Bailey   | Reached skill level 12 in Spellcasting
 10796 | Bailey   | Noticed a two-headed ogre
 10808 | Bailey   | Killed a two-headed ogre
 11324 | D:8      | Noticed Maurice
 11336 | D:8      | Killed Maurice
 12257 | Temple   | Entered the Ecumenical Temple
 12923 | Temple   | Became a worshipper of Hepliaklqana the Forgotten
 13115 | Lair:1   | Entered Level 1 of the Lair of Beasts
 13749 | Lair:1   | Reached * piety under Hepliaklqana
 13886 | Lair:1   | Found a stormy altar of Qazlal.
 14378 | Lair:2   | Noticed an elephant
 14385 | Lair:2   | Noticed an elephant
 14386 | Lair:2   | Noticed an elephant
 14387 | Lair:2   | Noticed an elephant
 14388 | Lair:2   | Killed an elephant
 14389 | Lair:2   | Reached skill level 13 in Spellcasting
 14393 | Lair:2   | Killed an elephant
 14393 | Lair:2   | Killed an elephant
 14393 | Lair:2   | Killed an elephant
 14773 | Lair:2   | HP: 2/58 [wolf (2)]
 14773 | Lair:2   | Slain by a wolf

Illustrated notes

Levels and vault maps discovered:
D:1:      minmay_arrival_solitary_statue, layout_basic,
          chequers_ecumenical_altar_simple, minmay_misc_feat_tower,
          nicolae_shop_unique_rings
D:2:      layout_basic, grunt_decor_arrowhead, minmay_nonomino_d4
D:3:      layout_rooms, hangedman_decor_riveting
D:4:      layout_basic, mainiacjoe_overflow_surrounded_room, temple_statues,
          minmay_goblin_outpost
D:5:      layout_gridville
D:6:      layout_loops_ring, serial_shops, nicolae_shop_overgrown_old_shop,
          uniq_prince_ribbit1
D:7:      layout_cave_pools, uniq_duvessa
D:8:      layout_basic, dpeg_oklobed_lair, enter_bailey_6, uniq_maurice,
          uniq_erica, uniq_psyche, uniq_grum
D:9:      layout_loops_cross, minmay_holes
Temple:   nicolae_temple_the_god_donut
Lair:1:   layout_cave_pods, basic_altar, lemuel_fruit_tree
Lair:2:   layout_hall_layers, guppyfry_snake_entry_garden, beast_lair_carwin_3

Skill      XL: |  1  2  3  4  5  6  7  8  9 10 11 |
---------------+----------------------------------+-----
Spellcasting   | 3 4 5 6 8 10 11 13 | 13.4
Stealth        | 2 3 4 |  4.0
Fighting       | |  0.2
Dodging        | |  2.6

Action                   |  1- 3 |  4- 6 |  7- 9 | 10-12 || total
-------------------------+-------+-------+-------+-------++-------
 Cast: Foxfire           |   142 |   123 |   125 |   168 ||   558
       Scorch            |    10 |    11 |    30 |    32 ||    83
       Inner Flame       |       |    28 |    40 |    35 ||   103
       Call Imp          |       |       |     3 |     5 ||     8
       Tukima's Dance    |       |       |     4 |       ||     4
       Flame Wave        |       |       |       |     1 ||     1
  Use: Scroll            |       |       |       |     9 ||     9
Armor: Robe              |     1 |     1 |     2 |     3 ||     7
Dodge: Dodged            |     3 |    11 |     7 |     4 ||    25
